AoeStats
← Abraham

Black Forest

509596037Analyzed
2v2 RM · 4d ago on Sep 27, 2026· 51m 57s· 4 players
Game mode
Random Map
Map size
Medium (4 player)
Population
200
Speed
Normal
Resources
Standard
Victory
Conquest
Starting age
Dark Age
Ending age
Imperial Age
RankedLock teamsTeams togetherTeam positionsShared explorationLock speedFull tech treeHidden civsTurbo modeCheats
Victory
Defeat
🇧🇷 Teutons · Brazil
1004
+15
🇲🇾 Koreans · Malaysia
971
+16
🇧🇦 Italians · Bosnia & Herzegovina
987
-15
🇦🇲 Berbers · Armenia
977
-16
Abraham
11:10 Feudal Age
11:38 Double-Bit Axe
11:34 Horse Collar
17:05 Stone Mining
19:42 Castle Age
18:22 Bloodlines
18:25 Gold Mining
20:30 Husbandry
23:18 Fletching
24:50 Husbandry
24:53 Town Watch
25:39 Bodkin Arrow
26:23 Wheelbarrow
31:08 Imperial Age
29:17 Forging
29:19 Heavy Plow
29:32 Bow Saw
30:20 Padded Archer Armor
32:17 Scale Barding Armor
33:27 Bracer
33:53 Caravan
36:01 Chemistry
40:02 Ballistics
45:04 Iron Casting
46:04 Scale Mail Armor
46:36 Masonry
46:56 Leather Archer Armor
48:45 Blast Furnace
48:37 Chain Mail Armor
Koksal Jr.
0:48 Loom
11:46 Feudal Age
12:58 Horse Collar
13:07 Double-Bit Axe
13:58 Wheelbarrow
19:45 Castle Age
18:04 Scale Mail Armor
18:33 Forging
18:53 Man-at-Arms
20:55 Bow Saw
20:48 Heavy Plow
23:06 Long Swordsman
25:27 Chain Mail Armor
27:45 Hand Cart
28:24 Town Watch
33:47 Imperial Age
32:12 Silk Road
32:16 Fortified Wall
34:10 Ballistics
34:15 Gold Mining
35:34 Chemistry
34:43 Squires
37:43 Pirotechnia
37:50 Thumb Ring
38:06 Fletching
38:16 Padded Archer Armor
38:48 Caravan
38:50 Bodkin Arrow
40:34 Bracer
41:44 Town Patrol
42:50 Conscription
42:49 Leather Archer Armor
43:05 Plate Mail Armor
42:45 Murder Holes
44:34 Ring Archer Armor
44:41 Iron Casting
47:12 Elite Genoese Crossbowman
50:41 Blast Furnace
ramadan.paro
7:57 Loom
10:10 Feudal Age
14:02 Double-Bit Axe
23:27 Castle Age
21:00 Man-at-Arms
21:43 Scale Mail Armor
21:54 Forging
21:36 Arson
22:23 Gold Mining
22:30 Stone Mining
22:28 Horse Collar
23:55 Long Swordsman
25:01 Pikeman
25:27 Gambesons
28:07 Wheelbarrow
35:02 Imperial Age
33:48 Stone Shaft Mining
33:15 Heavy Plow
33:27 Bow Saw
34:17 Hand Cart
34:56 Ballistics
34:47 Masonry
34:44 Fletching
34:56 Town Watch
35:35 Squires
35:10 Two-Handed Swordsman
35:36 Arson
37:22 Chemistry
38:04 Crenellations
38:50 Siege Engineers
43:06 Crenellations
43:21 Hoardings
44:12 Champion
45:16 Conscription
45:24 Fortified Wall
46:06 Ironclad
46:42 Heavy Scorpion
47:28 Bodkin Arrow
48:09 Iron Casting
47:50 Chain Mail Armor
47:38 Padded Archer Armor
48:00 Halberdier
49:17 Town Patrol
49:13 Guard Tower
49:04 Elite Skirmisher
说中文
0:45 Loom
13:08 Feudal Age
17:07 Castle Age
15:22 Double-Bit Axe
15:19 Horse Collar
15:36 Stone Mining
15:39 Gold Mining
16:46 Scale Mail Armor
24:00 Bow Saw
25:08 Town Watch
27:09 Chain Mail Armor
26:23 Man-at-Arms
27:05 Squires
26:50 Arson
28:07 Wheelbarrow
27:58 Forging
27:32 Long Swordsman
30:07 Iron Casting
30:01 Fishing Lines
31:05 Pikeman
36:33 Imperial Age
36:51 Halberdier
36:54 Two-Handed Swordsman
37:31 Elite War Wagon
38:32 Conscription
37:37 Elite War Wagon
38:36 Champion
40:43 Plate Mail Armor
40:05 Fletching
41:34 Bodkin Arrow
44:23 Ballistics
45:04 Chemistry
44:13 Bracer
46:38 Two-Man Saw
46:23 Capped Ram
47:39 Hand Cart
Connection lost

Rejoining the realm…

Still unreachable

The connection could not be restored.

Session expired

The server has moved on; the page needs a fresh start.